 Dungeon Crawl Stone Soup version 0.29.1-15-g9cfb28693d (webtiles) character file.

Game seed: 1498740105708019591

233 cdecastro the Chopper (level 5, -4/45 HPs)
             Began as a Minotaur Fighter on Mar 5, 2023.
             Slain by an orc priest
             ... wielding a +0 mace
              (5 damage)
             ... on level 4 of the Dungeon.
             The game lasted 00:03:14 (2984 turns).

cdecastro the Chopper (Minotaur Fighter)            Turns: 2984, Time: 00:03:14

Health: -4/45      AC:  8    Str: 23    XL:     5   Next: 74%
Magic:  4/4        EV:  9    Int:  5    God:
Gold:   248        SH:  0    Dex:  9    Spells: 4/4 levels left

rFire   . . .      SeeInvis .   a - +0 war axe
rCold   . . .      Faith    .   (no shield)
rNeg    . . .      Spirit   .   b - +0 scale mail
rPois   .          Reflect  .   (helmet restricted)
rElec   .          Harm     .   m - +0 cloak
rCorr   .          Rampage  .   (no gloves)
Will    .....                   (no boots)
Stlth   ..........              k - amulet of regeneration
HPRegen 0.95/turn               (no ring)
MPRegen 0.09/turn               (no ring)

@: mighty
A: horns 2, retaliatory headbutt
a: no special abilities


You were on level 4 of the Dungeon.
You visited 1 branch of the dungeon, and saw 4 of its levels.

You collected 248 gold pieces.

Inventory:

Hand Weapons
 a - a +0 war axe (weapon)
Armour
 b - a +0 scale mail (worn)
 c - a +0 buckler
 m - a +0 cloak (worn)
Jewellery
 k - an amulet of regeneration (around neck)
 w - a +6 ring of intelligence
Scrolls
 e - a scroll of amnesia {unknown}
 f - 3 scrolls of identify
 g - a scroll of noise {unknown}
 h - a scroll of vulnerability {unknown}
 i - 4 scrolls of teleportation
 l - a scroll of poison {unknown}
 o - a scroll of fear {unknown}
 p - a scroll of blinking {unknown}
 q - a scroll of enchant armour {unknown}
 s - a scroll of summoning {unknown}
 u - 2 scrolls of immolation {unknown}
 x - a scroll of butterflies {unknown}
Potions
 d - 2 potions of might
 j - a potion of mutation {unknown}
 n - 2 potions of cancellation {unknown}
 r - a potion of brilliance {unknown}
 t - a potion of degeneration {unknown}
 v - 2 potions of lignification {unknown}
 z - a potion of ambrosia {unknown}


   Skills:
 - Level 3.6 Fighting
 + Level 7.4 Axes
 - Level 3.6 Armour
 - Level 3.6 Shields


You had 4 spell levels left.
You didn't know any spells.
Your spell library contained the following spells:

 Spells                   Type           Power      Damage    Failure   Level
 Freeze                   Ice            0%         1d3       78%         1
 Frozen Ramparts          Ice            0%         1d1       98%         3
 Hailstorm                Conj/Ice       0%         3d3       100%        4


Dungeon Overview and Level Annotations

Branches:
Dungeon (4/15)
 Temple: D:4-7

Altars:

Annotations:
D:1 vault need fly
D:4 Grinder


Innate Abilities, Weirdness & Mutations

You have a pair of horns on your head.
You reflexively headbutt those who attack you in melee.


Message History

The orc priest shouts!
The orc priest calls down the wrath of Beogh upon you.
Beogh smites you!
You can move again.
Items here: ( ))) [ †.
Unknown command.
Unknown command.
You hit Grinder. Your headbutt misses Grinder.
Grinder is lightly wounded.
Grinder blinks!
The orc priest mumbles some strange prayers to Beogh against you.
Beogh smites you! Grinder gestures at you. Pain shoots through your body!
* * * LOW HITPOINT WARNING * * *
Items here: $ ))) [[ ††.
An orc comes into view. It is wielding a +0 hand axe.
You hit Grinder.
Grinder is lightly wounded.
You closely miss the orc priest. Grinder hits you!
* * * LOW HITPOINT WARNING * * *
The orc priest barely misses you.
Unknown command.
You barely miss Grinder. You headbutt Grinder.
Grinder is lightly wounded.
You slash the orc priest! Grinder hits you.
* * * LOW HITPOINT WARNING * * *
You writhe in agony.
* * * LOW HITPOINT WARNING * * *
The orc priest hits you with a +0 mace.
* * * LOW HITPOINT WARNING * * *
You hit Grinder.
Grinder is moderately wounded.
You barely miss the orc priest. Grinder hits you.
* * * LOW HITPOINT WARNING * * *
You writhe in agony.
* * * LOW HITPOINT WARNING * * *
An orc wizard comes into view. It is wielding a +0 dagger.
The orc priest hits you with a +0 mace.
You die...

###.......###.##
## ##....<.#
#..# .# ##.....#
#..# .## ###...#
#[.# ..## ##.##
##.# ...## ###
#)# ....## #)#
.....# #.#
#.)..# #@#
###### #..5o...#
#....o.....
##.........
#.........
##........
##.......
...o...


You could see Grinder, an orc priest, an orc wizard and an orc.

Vanquished Creatures
  A hound (D:4)
  A jelly (D:4)
  Natasha (D:2)
  An orc wizard (D:4)
  3 adders (D:2)
  An ufetubus (D:4)
  A worm (D:3)
  5 dart slugs
  5 orcs
  4 bats
  5 endoplasms
  3 giant cockroaches
  10 goblins
  7 hobgoblins
  2 jackals (D:1)
  7 kobolds
  5 ball pythons
  4 frilled lizards
  7 rats
73 creatures vanquished.

Notes
Turn   | Place    | Note
-------+----------+-------------------------------------------
     0 | D:1      | cdecastro the Minotaur Fighter began the quest for the Orb.
     0 | D:1      | Reached XP level 1. HP: 19/19 MP: 0/0
    89 | D:1      | Reached skill level 3 in Axes
   157 | D:1      | Reached XP level 2. HP: 25/26 MP: 1/1
   405 | D:1      | Reached skill level 4 in Axes
   754 | D:1      | Reached XP level 3. HP: 31/31 MP: 2/2
  1324 | D:2      | Reached skill level 5 in Axes
  1463 | D:2      | Reached XP level 4. HP: 39/39 MP: 3/3
  1470 | D:2      | Noticed Natasha
  1480 | D:2      | Killed Natasha
  1860 | D:3      | Found a faded altar of an unknown god.
  1914 | D:3      | Reached skill level 6 in Axes
  2655 | D:4      | Reached XP level 5. HP: 45/45 MP: 4/4
  2682 | D:4      | Reached skill level 7 in Axes
  2817 | D:4      | Noticed an ogre
  2949 | D:4      | Noticed Grinder
  2975 | D:4      | Paralysed by Grinder for 3 turns
  2984 | D:4      | HP: 1/45 [Grinder (6)]
  2984 | D:4      | Slain by an orc priest

Illustrated notes

Levels and vault maps discovered:
D:1:      grunt_arrival_lava_bath, layout_loops_ring
D:2:      layout_loops_corners, hex_medium, kennysheep_generic_room_13,
          uniq_natasha
D:3:      layout_basic, basic_ecumenical_altar, chequers_serial_rivers_room_b
D:4:      layout_cave_pods, lemuel_temple_firewalk_b, uniq_grinder

Skill      XL: |  1  2  3  4  5 |
---------------+----------------+-----
Axes           | 3 4 5 6 7 |  7.4
Fighting       | |  3.6
Armour         | |  3.6
Shields        | |  3.6

Action                   |  1- 3 |  4- 6 || total
-------------------------+-------+-------++-------
Melee: War axe           |    63 |    80 ||   143
       Headbutt          |     7 |    14 ||    21
  Use: Scroll            |       |     2 ||     2
       Potion            |       |     1 ||     1
Armor: Scale mail        |    24 |    33 ||    57
Dodge: Dodged            |    35 |    42 ||    77
